 Dungeon Crawl Stone Soup version 0.28-a0-1624-g820543e53a (webtiles) character file.

Game seed: 7783599355913928452

284 issech the Cudgeller (level 6, -1/61 HPs)
             Began as a Troll Monk on Jan 23, 2022.
             Succumbed to a scorpion's poison
             ... on level 3 of the Dungeon.
             The game lasted 00:08:09 (2629 turns).

issech the Cudgeller (Troll Monk)                   Turns: 2629, Time: 00:08:10

Health: -1/61      AC:  5    Str: 20    XL:     6   Next: 7%
Magic:  5/5        EV: 10    Int:  6    God:
Gold:   104        SH:  0    Dex: 14    Spells: 5/5 levels left

rFire   . . .      SeeInvis .   a - +1 mace
rCold   . . .      Faith    .   (no shield)
rNeg    . . .      Spirit   .   b - +1 robe
rPois   .          Reflect  .   (helmet restricted)
rElec   .          Harm     .   (no cloak)
rCorr   .          Rampage  .   (gloves unavailable)
Will    .....                   (boots unavailable)
Stlth   ++........              (no amulet)
HPRegen 1.00/turn               i - ring of flight
MPRegen 0.09/turn               (no ring)

@: lethally poisoned (-1 -> -11), flying
A: large, unfitting armour, claws 3, regeneration 1, shaggy fur 1, tough skin 1
a: no special abilities


You were on level 3 of the Dungeon.
You visited 1 branch of the dungeon, and saw 4 of its levels.

You collected 104 gold pieces.

Inventory:

Hand Weapons
 a - a +1 mace (weapon)
 f - a +0 hunting sling
 g - a +2 dagger of freezing
 n - a +1 trident of venom
 v - a +0 falchion of electrocution
Missiles
 d - 31 stones (quivered)
 l - 6 javelins
 m - 68 arrows
 u - 21 bolts
Armour
 b - a +1 robe (worn)
Jewellery
 i - a ring of flight (left claw)
Wands
 j - a wand of mindburst (24)
 o - a wand of charming (10)
 r - a wand of paralysis (4)
Potions
 c - 2 potions of haste
 e - a potion of degeneration {unknown}
 t - a potion of berserk rage


   Skills:
 + Level 3.4 Fighting
 + Level 4.8 Maces & Flails
 + Level 3.2 Dodging
 + Level 1.3 Stealth


You had 5 spell levels left.
You didn't know any spells.
Your spell library contained the following spells:

 Spells                   Type           Power      Damage    Failure   Level
 Magic Dart               Conj           0%         1d3       45%         1
 Ensorcelled Hibernation  Hex/Ice        0%         N/A       58%         2
 Passwall                 Tmut/Erth      0%         N/A       58%         2
 Searing Ray              Conj           0%         2d4       58%         2
 Gell's Gravitas          Tloc           0%         N/A       83%         3
 Swiftness                Air            0%         N/A       83%         3
 Teleport Other           Tloc           0%         N/A       83%         3
 Fulminant Prism          Conj/Hex       0%         3d6       99%         4
 Dispersal                Tloc           0%         N/A       100%        6
 Borgnjor's Revivificati  Necr           0%         N/A       100%        8
 Necromutation            Tmut/Necr      0%         N/A       100%        8
 Death's Door             Necr           0%         N/A       100%        9


Dungeon Overview and Level Annotations

Branches:
Dungeon (4/15)
 Temple: D:4-7

Altars:
Cheibriados
Xom


Innate Abilities, Weirdness & Mutations

You are too large for most types of armour.
You have claws for hands.
Your natural rate of healing is unusually fast.
You are covered in fur. (AC +1)
You have tough skin. (AC +1)


Message History

You barely miss the scorpion.
The scorpion is heavily wounded.
You feel sick.
You are no longer poisoned.
The scorpion stings you but does no damage.
You hit the scorpion.
The scorpion is heavily wounded.
The scorpion stings you.
* * * LOW HITPOINT WARNING * * *
The scorpion misses you.
The scorpion stings you but does no damage.
The scorpion stings you.
You hit the scorpion but do no damage.
The scorpion is heavily wounded.
The scorpion stings you.
You are poisoned.
The scorpion poisons you!
You hit the scorpion but do no damage.
The scorpion is heavily wounded.
You feel very sick. The scorpion stings you.
* * * LOW HITPOINT WARNING * * *
The scorpion barely misses you.
You closely miss the scorpion.
The scorpion is heavily wounded.
You feel sick. The scorpion stings you.
* * * LOW HITPOINT WARNING * * *
You are more poisoned.
The scorpion poisons you!
* * * LOW HITPOINT WARNING * * *
You feel very sick.
* * * LOW HITPOINT WARNING * * *
You feel very sick.
You feel sick. The scorpion stings you.
* * * LOW HITPOINT WARNING * * *
You are lethally poisoned!
The scorpion poisons you!
* * * LOW HITPOINT WARNING * * *
You feel very sick.
You die...

.....................#
.....................#
.....................#
..################...#
..#..............'...#
..#.############.#...#
..#.#..........#s#...#
..#)#.######...#.#...############
..#.#.#....#...#@#...##..........
....#.#....#..[#.#...##.##.#####.
....#.#....#...#.#...##.#.#.....#
....#.#....'...#.#...##..........
...>#.#....#...#.#...##.#........
....#.#....#...#.#...#.#.........
....#.#........#.#..)#.#.....≈...
....#.#........#.#...#.#....≈.≈..
..#.#.#........#.#...#.#....≈_≈..


You could see a scorpion.

Vanquished Creatures
  An ice beast (D:3)
  A scorpion zombie (D:4)
  A hound zombie (D:4)
  A hound skeleton (D:4)
  A mummy (D:4)
  2 gnolls (D:3)
  3 adders
  3 worms (D:2)
  A dart slug (D:1)
  2 orcs
  2 bats
  6 endoplasms
  3 giant cockroaches
  8 goblins
  5 hobgoblins
  3 kobolds (D:1)
  A quokka (D:1)
  9 ball pythons
  11 frilled lizards
  7 rats
71 creatures vanquished.

Vanquished Creatures (others)
  11 plants
  2 withered plants (D:4)
13 creatures vanquished.

Grand Total: 84 creatures vanquished

Notes
Turn   | Place    | Note
-------+----------+-------------------------------------------
     0 | D:1      | issech the Troll Monk began the quest for the Orb.
     0 | D:1      | Reached XP level 1. HP: 22/22 MP: 0/0
   136 | D:1      | Reached XP level 2. HP: 29/29 MP: 1/1
   196 | D:1      | Reached skill level 3 in Maces & Flails
   483 | D:1      | Reached XP level 3. HP: 34/36 MP: 2/2
  1050 | D:2      | Found a shimmering altar of Xom.
  1572 | D:3      | Reached XP level 4. HP: 43/45 MP: 3/3
  1588 | D:3      | Noticed an ice beast
  1635 | D:3      | Killed an ice beast
  1636 | D:3      | Reached skill level 4 in Maces & Flails
  1636 | D:3      | Reached XP level 5. HP: 29/53 MP: 4/4
  2129 | D:3      | Found a faded altar of an unknown god.
  2423 | D:4      | Found a snail-covered altar of Cheibriados.
  2538 | D:4      | Reached XP level 6. HP: 58/61 MP: 5/5
  2628 | D:3      | HP: 2/61 [poisoned by a scorpion]
  2629 | D:3      | Succumbed to a scorpion's poison

Illustrated notes

Levels and vault maps discovered:
D:1:      giann_wishing_wells, layout_basic, minmay_lizard_king
D:2:      layout_loops_ring, basic_altar, serial_bayou_pond_b
D:3:      minmay_evil_eye, layout_basic, serial_glass, glass_columns_b,
          glass_columns_a, glass_columns_c, glass_columns_b,
          shapermc_ecumenical_altar_starsandcircs
D:4:      gammafunk_wand_slinger, layout_gridville, slow_altar_1, serial_undead,
          serial_undead_e, serial_undead_e, serial_undead_d, serial_undead_f,
          serial_undead_e, serial_undead_f

Skill      XL: |  1  2  3  4 |
---------------+-------------+-----
Maces & Flails | 3 4 |  4.8
Fighting       | 3 |  3.4
Dodging        | 3 |  3.2
Stealth        | |  1.3

Action                   |  1- 3 |  4- 6 || total
-------------------------+-------+-------++-------
Melee: Mace              |   152 |   111 ||   263
       Punch             |     2 |     3 ||     5
  Use: Scroll            |       |     8 ||     8
 Stab: Sleeping          |     2 |       ||     2
Armor: Robe              |    49 |    45 ||    94
Dodge: Dodged            |    61 |    52 ||   113

Table legend: (Time is in decaauts)
 A = Elapsed time spent in this place.
 B = Non-inter-level travel time spent in this place.
 C = Inter-level travel time spent in this place.
 D = Time resting spent in this place.
 E = Time spent auto-exploring this place.
 F = Levels seen in this place.
 G = Mean time per level.
                   A        B        C        D        E       F      G
               +--------+--------+--------+--------+--------+-----+--------+
         Total |   2689 |   2592 |     97 |     21 |   1374 |   4 |  672.2 |
       Dungeon |   2689 |   2592 |     97 |     21 |   1374 |   4 |  672.2 |
               +--------+--------+--------+--------+--------+-----+--------+

Top non-repeatable levels by time:
     D:3: 865 daAuts
     D:2: 816 daAuts
     D:1: 759 daAuts
     D:4: 248 daAuts
